 Dungeon Crawl Stone Soup version 0.25-a0-346-g140ab784a8 (webtiles) character file.

Game seed: 1347032893594208261, levelgen mode: deterministic

217 night the Stinger (level 5, -1/42 HPs)
             Began as a Deep Dwarf Venom Mage on Dec 31, 2019.
             Slain by a water moccasin skeleton (3 damage)
             ... on level 4 of the Dungeon.
             The game lasted 00:07:20 (3562 turns).

night the Stinger (Deep Dwarf Venom Mage)           Turns: 3562, Time: 00:07:20

Health: -1/42      AC:  2    Str: 12    XL:     5   Next: 61%
Magic:  8/10       EV: 12    Int: 16    God:
Gold:   158        SH:  0    Dex: 13    Spells: 1/11 levels left

rFire    . . .     SeeInvis .   q - -1 dagger (curse)
rCold    . . .     Gourm    .   (no shield)
rNeg     . . .     Faith    .   a - +0 robe
rPois    .         Spirit   .   (no helmet)
rElec    .         Reflect  .   (no cloak)
rCorr    .         Harm     .   (no gloves)
MR       .....                  (no boots)
Stlth    ++........             (no amulet)
HPRegen  0.00/turn              (no ring)
MPRegen  0.12/turn              (no ring)

@: non-regenerating
A: damage resistance, heal wounds, sense surroundings 1, no regeneration
a: Heal Wounds


You were on level 4 of the Dungeon.
You were not hungry.

You visited 1 branch of the dungeon, and saw 4 of its levels.

You collected 158 gold pieces.

Inventory:

Hand Weapons
 b - a +2 dagger of protection
 k - a +0 war axe of venom
 q - a cursed -1 dagger (weapon)
Missiles
 d - 9 bolts
 i - 6 boomerangs (quivered)
 n - 5 javelins
Armour
 a - a +0 robe (worn)
Jewellery
 l - an uncursed ring of resist corrosion {unknown}
Scrolls
 e - a scroll of fog
 f - 3 scrolls of identify
 g - a scroll of immolation
 h - 3 scrolls of blinking
 s - a scroll of remove curse {unknown}
Potions
 j - 2 potions of heal wounds {unknown}
 m - 2 potions of curing {unknown}
 o - a potion of mutation {unknown}
 p - a potion of cancellation {unknown}
 r - a potion of ambrosia {unknown}
Comestibles
 c - 12 rations
 t - a chunk of flesh


   Skills:
 - Level 2.1 Dodging
 - Level 2.4 Stealth
 + Level 3.7 Spellcasting
 - Level 0.8 Transmutations
 + Level 4.1 Poison Magic


You had one spell level left.
You knew the following spells:

 Your Spells              Type           Power        Failure   Level  Hunger
a - Sting                 Tmut/Pois      ##..         6%          1    None
b - Poisonous Vapours     Pois/Air       #.....       12%         2    ##.....
c - Mephitic Cloud        Conj/Pois/Air  #.......     30%         3    ###....
d - Olgreb's Toxic Radia  Pois           ###.....     32%         4    ####...

Your spell library contained the following spells:

 Spells                   Type           Power        Failure   Level  Hunger
 Confusing Touch          Hex            #.....       17%         1    None
 Ignite Poison            Fire/Tmut/Pois #.......     26%         3    ###....
 Confuse                  Hex            #.......     45%         3    ###....
 Gell's Gravitas          Tloc           #.........   45%         3    ###....
 Petrify                  Tmut/Erth      #.......     82%         4    ####...
 Metabolic Englaciation   Hex/Ice        #.........   99%         5    ######.
 Yara's Violent Unravell  Hex/Tmut       #.........   99%         5    ######.


Dungeon Overview and Level Annotations

Branches:
Dungeon (4/15)
 Temple: D:4-7

Altars:
Nemelex Xobeh
Zin


Innate Abilities, Weirdness & Mutations

You are resistant to damage.
You can heal yourself by infusing magical energy.
You passively map a small area around you.
You do not regenerate.


Message History

Casting: Sting (safe; 6% risk of failure)
Confirm with . or Enter, or press ? or * to list all spells.
Aiming: Sting (safe; 6% risk of failure)
Press: ? - help, Shift-Dir - straight line, f - water moccasin skeleton
Aim: a water moccasin skeleton (lightly damaged)
The sting hits the water moccasin skeleton.
The water moccasin skeleton partially resists.
The water moccasin skeleton is moderately damaged.
The water moccasin skeleton closely misses you.
Casting: Sting (safe; 6% risk of failure)
Confirm with . or Enter, or press ? or * to list all spells.
Aiming: Sting (safe; 6% risk of failure)
Press: ? - help, Shift-Dir - straight line, f/p - water moccasin skeleton
Aim: a water moccasin skeleton (moderately damaged)
The sting hits the water moccasin skeleton.
The water moccasin skeleton partially resists.
The water moccasin skeleton is moderately damaged.
The water moccasin skeleton barely misses you.
You fail to use your ability.
The water moccasin skeleton bites you.
You die...

,
#....................
* ,
#.###..#####.##......
, *# *##..#
#......... , #. #...#
#.###...#. #.##...###
#....#...) *
#........######.#.##.
#...........###.#.##.
#.................##.
,*
#...@...###.####..##.
*#.##Z..## * #..##.
#..,....... #..##. *
#..########.>* #..##.
* #. , , #..# , * * *
#..# ,, , #..# , * *
, * ** * , * ,


You could see a water moccasin skeleton.

Vanquished Creatures
  Jessica (D:3)
  Terence (D:3)
  Natasha (thrice) (D:3)
  A gnoll (D:1)
  2 adders (D:2)
  A worm (D:2)
  3 leopard geckos
  An orc (D:4)
  2 bats (D:2)
  4 giant cockroaches
  4 hobgoblins
  4 jackals (D:3)
  A quokka (D:2)
  A ball python (D:3)
  4 frilled lizards
  11 goblins
  10 kobolds
  5 rats
59 creatures vanquished.

Notes
Turn   | Place    | Note
-------+----------+-------------------------------------------
     0 | D:1      | night the Deep Dwarf Venom Mage began the quest for the
                  | Orb.
     0 | D:1      | Reached XP level 1. HP: 15/15 MP: 3/3
    81 | D:1      | Reached XP level 2. HP: 16/22 MP: 0/5
   253 | D:1      | Learned a level 2 spell: Poisonous Vapours
   993 | D:1      | Reached skill level 3 in Poison Magic
  1098 | D:1      | Reached XP level 3. HP: 20/28 MP: 3/6
  1324 | D:2      | Found a sparkling altar of Nemelex Xobeh.
  2146 | D:2      | Found a glowing silver altar of Zin.
  2276 | D:2      | Reached XP level 4. HP: 26/36 MP: 4/8
  2372 | D:3      | Noticed Natasha
  2380 | D:3      | Killed Natasha
  2582 | D:3      | Noticed Jessica
  2585 | D:3      | Killed Jessica
  2594 | D:3      | Noticed Terence
  2598 | D:3      | Killed Terence
  2598 | D:3      | Reached XP level 5. HP: 23/42 MP: 2/10
  2947 | D:3      | Noticed Natasha
  2956 | D:3      | Killed Natasha
  3021 | D:3      | Reached skill level 4 in Poison Magic
  3089 | D:3      | Noticed Natasha
  3098 | D:3      | Killed Natasha
  3159 | D:3      | Learned a level 3 spell: Mephitic Cloud
  3164 | D:3      | Learned a level 4 spell: Olgreb's Toxic Radiance
  3559 | D:4      | HP: 2/42 [water moccasin skeleton (3)]
  3562 | D:4      | Slain by a water moccasin skeleton

Levels and vault maps discovered:
D:1:      minmay_arrival_nine_rooms, layout_loops_ring, minmay_misc_feat_columns
D:2:      layout_loops_corners, nemelex_xobeh_ov_fountains_minmay, zin_academy
D:3:      layout_basic, uniq_jessica, uniq_terence, uniq_natasha
D:4:      layout_loops_ring

Skill      XL: |  1  2  3  4  5 |
---------------+----------------+-----
Spellcasting   | 2 3 |  3.7
Poison Magic   | 3 4 |  4.1
Dodging        | |  2.1
Stealth        | |  2.4
Transmutations | |  0.8

Action                   |  1- 3 |  4- 6 || total
-------------------------+-------+-------++-------
Melee: Dagger            |     2 |    15 ||    17
       War axe           |       |     4 ||     4
 Cast: Sting             |     9 |    16 ||    25
       Poisonous Vapours |    36 |    21 ||    57
  Use: Scroll            |     3 |     1 ||     4
 Stab: Sleeping          |       |     2 ||     2
  Eat: Chunk             |     6 |     6 ||    12
Armor: Robe              |     4 |     1 ||     5
Dodge: Dodged            |     2 |    16 ||    18

Table legend:
 A = Non-vault XP
 B = Vault XP
 C = Vault XP percentage of total XP
 D = Non-vault monster count
 E = Vault monster count
 F = Vault count percentage of total count
                 A         B        C        D         E       F
            +---------+---------+-------+---------+---------+-------
      Total |     202 |     108 |  34.8 |      56 |       3 |   5.1
            +---------+---------+-------+---------+---------+-------
        D:1 |      42 |       0 |   0.0 |      19 |       0 |   0.0
        D:2 |      58 |       0 |   0.0 |      18 |       0 |   0.0
        D:3 |      99 |     108 |  52.2 |      18 |       3 |  14.3
        D:4 |       3 |       0 |   0.0 |       1 |       0 |   0.0
            +---------+---------+-------+---------+---------+-------
